 Dungeon Crawl Stone Soup version 0.32-a0-986-ga09f62fbf4 (webtiles) character file.

Game seed: 15745865731054719191

241 protoss039 the Digger (level 5, 0/39 HPs)
             Began as a Demonspawn Earth Elementalist on Apr 21, 2024.
             Succumbed to a water moccasin's poison
             ... on level 5 of the Dungeon.
             The game lasted 00:04:37 (1942 turns).

protoss039 the Digger (DsEE)                        Turns: 1942, Time: 00:04:38

Health: 0/39       AC: 10    Str:  8    XL:     5   Next: 80%
Magic:  1/9        EV: 11    Int: 18    God:
Gold:   114        SH:  0    Dex: 13    Spells: 3/10 levels left

rFire   . . .        j - +0 dagger (venom)
rCold   . . .        (no shield)
rNeg    . . .        a - +0 robe
rPois   .            (helmet restricted)
rElec   .            (no cloak)
rCorr   .            u - +1 pair of gloves
SInv    .            (no boots)
Will    .....        (no amulet)
Stlth   ++           i - +4 ring of protection
HPRegen 0.26/turn    (no ring)
MPRegen 0.22/turn

%: no passive effects
@: lethally poisoned (0 -> -26), attractive, very slightly contaminated
A: horns 1, molten scales 1, magic regeneration
a: no special abilities


You were on level 5 of the Dungeon.
You visited 1 branch of the dungeon, and saw 4 of its levels.

You collected 114 gold pieces.

Inventory:

Hand Weapons
 j - a +0 dagger of venom (weapon)
Missiles
 f - 2 throwing nets
 q - 6 curare-tipped darts
Armour
 a - a +0 robe (worn)
 u - a +1 pair of gloves (worn)
Jewellery
 i - a +4 ring of protection (left hand)
Wands
 r - a wand of acid (8)
 s - a wand of warping (15)
 t - a wand of paralysis (6)
Scrolls
 c - a scroll of enchant armour {unknown}
 e - a scroll of silence {unknown}
 h - 3 scrolls of revelation {unknown}
 l - a scroll of fog {unknown}
 o - a scroll of teleportation {unknown}
 p - 2 scrolls of identify {unknown}
Potions
 b - a potion of magic
 d - a potion of curing {unknown}
 g - a potion of enlightenment {unknown}
 k - a potion of ambrosia {unknown}
 m - 2 potions of attraction
 n - a potion of degeneration {unknown}


   Skills:
 + Level 2.7 Fighting
 + Level 1.0 Armour
 + Level 2.1 Dodging
 + Level 2.2 Stealth
 + Level 3.2 Spellcasting
 + Level 1.6 Conjurations
 + Level 3.7 Earth Magic


You had 3 spell levels left.
You knew the following spells:

 Your Spells              Type           Power      Damage    Failure   Level
a - Sandblast             Erth           32%        2d9       3%          1
b - Passwall              Erth           16%        N/A       11%         3
c - Stone Arrow           Conj/Erth      24%        3d8       16%         3

Your spell library contained the following spells:

 Spells                   Type           Power      Damage    Failure   Level
 Sting                    Conj/Alch      20%        1d4       12%         1
 Apportation              Tloc           4%         N/A       16%         1
 Necrotise                Necr           8%         1d4       16%         1
 Summon Small Mammal      Summ           8%         N/A       16%         1
 Brom's Barrelling Bould  Conj/Erth      12%        2d4       45%         4
 Petrify                  Alch/Erth      9%         N/A       58%         4


Dungeon Overview and Level Annotations

Branches:
Dungeon (3/15) Zot: 22010

Altars:

Shops:
D:5 (

Annotations:
D:5 1 runed translucent door


Innate Abilities, Weirdness & Mutations

You have a pair of small horns on your head.
You are partially covered in molten scales. (AC +2)
You regenerate magic rapidly.


Message History

Okay, then.
Unknown command.
Casting: Stone Arrow (quite dangerous; 16% risk of failure)
Confirm with . or Enter, or press ? or * to list all spells.
Aiming: Stone Arrow (quite dangerous; 16% risk of failure)
Press: ? - help, Shift-Dir - straight line, f/p - water moccasin
Aim: a water moccasin (heavily wounded, 48% to hit)
The stone arrow hits the water moccasin!
The water moccasin is severely wounded.
You feel very sick. The water moccasin barely misses you.
Unknown command.
Casting: Stone Arrow (quite dangerous; 16% risk of failure)
Confirm with . or Enter, or press ? or * to list all spells.
Aiming: Stone Arrow (quite dangerous; 16% risk of failure)
Press: ? - help, Shift-Dir - straight line, f/p - water moccasin
Aim: a water moccasin (severely wounded, 48% to hit)
The stone arrow misses the water moccasin.
You feel very sick. The water moccasin closely misses you.
Unknown command.
Unknown command.
Casting: Stone Arrow (quite dangerous; 16% risk of failure)
Confirm with . or Enter, or press ? or * to list all spells.
Aiming: Sandblast (safe; 3% risk of failure)
Press: ? - help, Shift-Dir - straight line, f/p - water moccasin
Aim: a water moccasin (severely wounded, 70% to hit)
You miscast Sandblast.
You are very lightly contaminated with residual magic.
Nothing appears to happen.
* * * LOW HITPOINT WARNING * * *
You feel very sick. The water moccasin bites you.
* * * LOW HITPOINT WARNING * * *
You are more poisoned.
The water moccasin poisons you! The water moccasin bites you.
* * * LOW HITPOINT WARNING * * *
It was a potion of attraction.
You feel attractive to monsters.
You die...

#. ### ##
#.# .. ..r
#.##.##.#
#.......#
#.......#
#......##
#.......#
#.......#
#.@.....#
#S#..##.#
#.#..# ..
#.##.# #...
#.##.##.....
#........#
####.###..#
#># .# #####
######.##


You could see a water moccasin.

Vanquished Creatures
  2 hounds
  Ijyb (D:3)
  An iguana (D:5)
  A sleepcap (D:5)
  5 adders
  A shadow imp (D:5)
  2 ribbon worms (D:2)
  An orc (D:5)
  5 bats
  7 endoplasms
  2 giant cockroaches
  3 goblins (D:2)
  A hobgoblin (D:2)
  A jackal (D:2)
  9 kobolds
  3 quokkas (D:1)
  2 ball pythons
  A frilled lizard (D:1)
  3 rats
51 creatures vanquished.

Vanquished Creatures (others)
  A bat (D:3)
1 creature vanquished.

Grand Total: 52 creatures vanquished

Notes
Turn   | Place    | Note
-------+----------+-------------------------------------------
     0 | D:1      | protoss039 the Demonspawn Earth Elementalist began the
                  | quest for the Orb.
     0 | D:1      | Reached XP level 1. HP: 13/13 MP: 3/3
   157 | D:1      | Gained mutation: You have a pair of small horns on your
                  | head. [demonic ancestry]
   157 | D:1      | Reached XP level 2. HP: 17/20 MP: 1/5
   170 | D:1      | Reached skill level 1 in Fighting
   713 | D:2      | Gained mutation: You regenerate magic rapidly. [demonic
                  | ancestry]
   713 | D:2      | Reached XP level 3. HP: 20/26 MP: 2/6
   798 | D:2      | Gained mutation: You are partially covered in molten
                  | scales. (AC +2) [demonic ancestry]
   798 | D:2      | Reached XP level 4. HP: 33/33 MP: 6/8
  1148 | D:2      | Found a faded altar of an unknown god.
  1405 | D:2      | Learned a level 3 spell: Passwall
  1409 | D:2      | Learned a level 3 spell: Stone Arrow
  1525 | D:3      | Noticed Ijyb
  1532 | D:3      | Killed Ijyb
  1555 | D:3      | Reached XP level 5. HP: 39/39 MP: 7/9
  1764 | D:3      | You fall into a shaft and drop 2 floors!
  1764 | D:5      | Entered Level 5 of the Dungeon
  1765 | D:5      | Found Xonaygaa's Weapon Shoppe.
  1859 | D:5      | Found a runed translucent door.
  1902 | D:5      | Reached skill level 1 in Armour
  1932 | D:5      | Noticed a water moccasin
  1942 | D:5      | Succumbed to a water moccasin's poison

Illustrated notes

Levels and vault maps discovered:
D:1:      amcnicky_arrival_choice, layout_rooms
D:2:      layout_rooms, chequers_ecumenical_altar_twisty, minivault_4,
          st_stairs_12
D:3:      layout_basic, nicolae_overflow_hidden_temple,
          wander_ebering_terrifying_dragon_lair, uniq_ijyb, uniq_sigmund
D:5:      layout_loops_cross, serial_shops, nicolae_shop_crystal,
          ebering_ghost_sewer_f, minmay_manual_monstrance, uniq_prince_ribbit1,
          uniq_grinder

Skill      XL: |  1  2  3  4  5 |
---------------+----------------+-----
Fighting       | 1 2 |  2.7
Earth Magic    | 3 |  3.7
Spellcasting   | 3 |  3.2
Stealth        | 2 |  2.2
Dodging        | 2 |  2.1
Armour         | 1 |  1.0
Conjurations   | |  1.6

Action                     |  1- 3 |  4- 6 || total
---------------------------+-------+-------++-------
  Melee: Short sword       |     7 |     1 ||     8
         Dagger            |       |    18 ||    18
         Headbutt          |       |     8 ||     8
   Cast: Sandblast         |    40 |    44 ||    84
         Stone Arrow       |       |     3 ||     3
  Evoke: Wand              |       |     2 ||     2
    Use: Potion            |       |     1 ||     1
   Stab: Sleeping          |     1 |       ||     1
 Armour: Robe              |    19 |    34 ||    53
  Dodge: Dodged            |    27 |    28 ||    55

Table legend: (Time is in decaauts)
 A = Elapsed time spent in this place.
 B = Non-inter-level travel time spent in this place.
 C = Inter-level travel time spent in this place.
 D = Time resting spent in this place.
 E = Time spent auto-exploring this place.
 F = Levels seen in this place.
 G = Mean time per level.
                   A        B        C        D        E       F      G
               +--------+--------+--------+--------+--------+-----+--------+
         Total |   1989 |   1935 |     54 |     92 |   1400 |   4 |  497.2 |
       Dungeon |   1989 |   1935 |     54 |     92 |   1400 |   4 |  497.2 |
               +--------+--------+--------+--------+--------+-----+--------+

Top non-repeatable levels by time:
     D:1: 767 daAuts
     D:2: 692 daAuts
     D:3: 341 daAuts
     D:5: 187 daAuts
